 Dungeon Crawl Stone Soup version 0.30.1-11-g7821555f0a (webtiles) character file.

Game seed: 12744239202202796969

149 RancidPinata the Sneak (level 5, -4/37 HPs)
             Began as an Octopode Delver on Dec 20, 2023.
             Slain by Natasha (9 damage)
             ... on level 3 of the Dungeon.
             The game lasted 00:10:28 (3097 turns).

RancidPinata the Sneak (Octopode Delver)            Turns: 3097, Time: 00:10:29

Health: -4/37      AC:  1    Str: 11    XL:     5   Next: 31%
Magic:  5/5        EV: 14    Int: 12    God:
Gold:   121        SH:  0    Dex: 16    Spells: 4/4 levels left

rFire   . . .        w - +4 dagger
rCold   . . .        (no shield)
rNeg    . . .        (helmet restricted)
rPois   .            (no amulet)
rElec   .            g - ring of flight
rCorr   .            (no ring)
SInv    .            (no ring)
Will    .....        (no ring)
Stlth   +++++        (no ring)
HPRegen 0.26/turn    (no ring)
MPRegen 0.09/turn    (no ring)
                     (no ring)

%: no passive effects
@: flying
A: almost no armour, amphibious, 8 rings, camouflage 1, gelatinous body 1,
(nimble swimmer 1), tentacles
a: no special abilities


You were on level 3 of the Dungeon.
You visited 2 branches of the dungeon, and saw 7 of its levels.

You collected 121 gold pieces.

Inventory:

Hand Weapons
 p - a +2 short sword of electrocution
 u - a +0 dagger of speed
 w - a +4 dagger (weapon)
Missiles
 n - 32 stones (quivered)
 o - 3 poisoned darts
 t - 5 javelins
Jewellery
 g - a ring of flight (left tentacle)
 k - a ring of fire
Wands
 f - a wand of digging (3)
Scrolls
 b - 2 scrolls of fog
 c - a scroll of magic mapping
 d - a scroll of fear
 h - a scroll of acquirement {unknown}
 i - 2 scrolls of blinking {unknown}
 j - 3 scrolls of identify {unknown}
 l - 2 scrolls of butterflies {unknown}
 q - a scroll of teleportation {unknown}
 s - a scroll of vulnerability {unknown}
 x - a scroll of amnesia {unknown}
Potions
 a - a potion of mutation {unknown}
 e - 4 potions of haste
 m - 2 potions of curing {unknown}
 r - a potion of lignification {unknown}
 v - 3 potions of heal wounds {unknown}


   Skills:
 * Level 4.0 Fighting
 + Level 2.6 Short Blades
 * Level 3.0 Dodging
 * Level 7.8 Stealth


You had 4 spell levels left.
You didn't know any spells.
Your spell library contained the following spells:

 Spells                   Type           Power      Damage    Failure   Level
 Shock                    Conj/Air       0%         1d3       32%         1
 Momentum Strike          Conj/Tloc      0%         3d8       45%         2
 Scorch                   Fire           0%         2d5       45%         2
 Dazzling Flash           Conj/Hex       0%         N/A       69%         3
 Swiftness                Air            0%         N/A       69%         3
 Airstrike                Air            0%         2d(0-16)  97%         4
 Petrify                  Tmut/Erth      0%         N/A       97%         4
 Metabolic Englaciation   Hex/Ice        0%         N/A       100%        5
 Statue Form              Tmut/Erth      0%         N/A       100%        6
 Chain Lightning          Conj/Air       0%         N/A       100%        9


Dungeon Overview and Level Annotations

Branches:
Dungeon (6/15)             Temple (1/1) D:4

Altars:
Ashenzari
Elyvilon
Fedhas
Hepliaklqana
Nemelex Xobeh
Okawaru
Sif Muna
Uskayaw
Vehumet
Wu Jian
Xom

Annotations:
D:3 Natasha


Innate Abilities, Weirdness & Mutations

You cannot wear most types of armour.
You are amphibious.
You can wear up to eight rings at the same time.
Your skin changes colour to match your surroundings (Stealth+).
Your rubbery body absorbs attacks. (AC +1, EV +1)
((You are camouflaged when in or above water. (Stealth+)))
You have tentacles for arms and can constrict up to eight enemies at once.


Message History

You impale the hobgoblin!!
You kill the hobgoblin!
Found a scale mail.
You see here a +0 scale mail.
A ball python comes into view.
The helpless ball python fails to defend itself.
You spit the ball python like a pig!!!
You kill the ball python!
You see here a ball python corpse. 2 orcs come into view.
The orc shouts!
You hear a shout!
An orc priest comes into view. It is wielding a +0 morningstar.
The orc attacks as you move away! The orc hits you with a +0 flail.
You hit the orc. You grab the orc.
The orc is moderately wounded.
You constrict the orc. The orc closely misses you.
You hit the orc.
You kill the orc!
You see here a +0 flail.
You start resting.
HP restored.
You see here a +0 scale mail.
Natasha, Servant of Life and Death comes into view.
She is carrying a wand of light (11).
Natasha hisses angrily.
Natasha casts a spell at you. The magic dart hits you.
Natasha zaps a wand.
The bolt of light hits you!
You closely miss Natasha. You grab Natasha.
You constrict Natasha, but do no damage.
Natasha misses you.
You hit Natasha.
Natasha is moderately wounded.
You constrict Natasha, but do no damage.
You hit Natasha.
Natasha is moderately wounded.
You constrict Natasha.
Natasha zaps a wand.
The bolt of light hits you!
* * * LOW HITPOINT WARNING * * *
You barely miss Natasha. You squeeze Natasha.
Natasha is severely wounded.
You constrict Natasha. Natasha claws you!
You die...

# #........#.# #...# #.≈ #
#.......>..# #...###§≈ #
#..........# #......§≈
..##.....#.######...###§§
### #.#.................§≈
..# .. #..................≈
#.# .........#.............≈
#.# . ###.#h######.#...#.#.≈
#.# ...#@# #.#........ #.#
### #.# ##.#.).#.##. #.# #.#
#......#.### ..# #####.#
#.#......#
############.†...#
##......###
...)...##.......## #......##
######.##.......#####......#
# #[##..................#
#..........##.##....#.######


You could see Natasha.

Vanquished Creatures
  Natasha (D:3)
  Robin (D:2)
  2 adders
  2 worms
  3 dart slugs
  2 orcs (D:3)
  6 ball pythons
  4 endoplasms
  6 giant cockroaches
  11 goblins
  12 hobgoblins
  4 jackals (D:2)
  2 quokkas
  4 bats
  4 frilled lizards
  10 kobolds
  4 rats
78 creatures vanquished.

Notes
Turn   | Place    | Note
-------+----------+-------------------------------------------
     0 | D:5      | RancidPinata the Octopode Delver began the quest for the
                  | Orb.
     0 | D:5      | Reached XP level 1. HP: 16/16 MP: 1/1
     7 | D:6      | Noticed a wight
    79 | D:4      | Reached XP level 2. HP: 2/21 MP: 2/2
   131 | D:4      | Found a staircase to the Ecumenical Temple.
   142 | Temple   | Entered the Ecumenical Temple
   354 | D:3      | Found a blossoming altar of Fedhas.
   359 | D:3      | Noticed Natasha
   675 | D:1      | Reached skill level 7 in Stealth
   675 | D:1      | Reached XP level 3. HP: 26/26 MP: 3/3
   785 | D:1      | Got the Elucidation of Charred Attacks
  1325 | D:1      | Found a faded altar of an unknown god.
  1386 | D:1      | Reached XP level 4. HP: 32/32 MP: 4/4
  1644 | D:2      | Noticed Robin
  1661 | D:2      | Killed Robin
  2837 | D:3      | Reached XP level 5. HP: 31/37 MP: 5/5
  2955 | D:3      | Killed Natasha
  3089 | D:3      | Noticed Natasha
  3097 | D:3      | Slain by Natasha

Illustrated notes

Levels and vault maps discovered:
D:1:      reono_arrival_forest_river, layout_basic, basic_ecumenical_altar
D:2:      layout_basic, corexii_shack, uniq_robin
D:3:      layout_loops_cross, mainiacjoe_overflow_concentric_impassable,
          uniq_natasha
D:4:      minmay_chambers_of_fours, layout_cave_pools, bloody_trog,
          marbit_many_paths, minmay_temple_entry_gardened_gates, serial_demonic,
          serial_demonic_d, serial_demonic_b, serial_demonic_b, serial_demonic_a
D:5:      layout_loops_cross, portal_sewer_entry_c
D:6:      nicolae_BIG_FREAKIN_CUBE, layout_rooms, nicolae_underground_beach,
          uniq_menkaure, uniq_eustachio
Temple:   nicolae_temple_two_arcs

Skill      XL: |  1  2  3  4  5 |
---------------+----------------+-----
Stealth        | 7 |  7.8
Fighting       | 4 |  4.0
Dodging        | 3 |  3.0
Short Blades   | |  2.6

Action                     |  1- 3 |  4- 6 || total
---------------------------+-------+-------++-------
  Melee: Short sword       |    63 |    45 ||   108
         Constrict         |    17 |    18 ||    35
         Tentacles         |    13 |     8 ||    21
         Punch             |     1 |       ||     1
         Dagger            |       |    28 ||    28
   Stab: Sleeping          |    15 |    11 ||    26
         Distracted        |       |     1 ||     1
 Armour: Skin              |     4 |     4 ||     8
  Dodge: Dodged            |    47 |    27 ||    74
